 Dungeon Crawl Stone Soup version 0.21-a0-496-g696f58f (webtiles) character file.

51071 tof the Carver (level 14, -9/113 HPs)
             Began as a Demonspawn Berserker on Nov 23, 2017.
             Was a High Priest of Trog.
             Killed by divine providence
             ... invoked by Saint Roka
              (11 damage)
             ... on level 2 of the Orcish Mines.
             The game lasted 00:43:46 (18238 turns).

tof the Carver (Demonspawn Berserker)              Turns: 18238, Time: 00:43:47

Health: -9/113     AC: 24    Str: 18    XL:     14   Next: 22%
Magic:  19/19      EV: 17    Int:  8    God:    Trog [*****.]
Gold:   2046       SH:  0    Dex: 22    Spells: 13/13 levels left

rFire    + . .     SeeInvis +   a - +4 great sword (slice)
rCold    . . .     Gourm    .   (shield currently unavailable)
rNeg     + . .     Faith    .   K - +7 chain mail of Hul Niekk {+Fly rElec rPois Int-2}
rPois    +         Spirit   .   (helmet restricted)
rElec    +         Reflect  .   o - +1 cloak
rCorr    .         Harm     .   A - +0 pair of gloves
MR       +....                  F - +0 pair of boots
Stlth    ..........             g - amulet of regeneration
HPRegen  0.68/turn              G - ring "Veddax" {Dex+2 SInv}
MPRegen  0.16/turn              M - ring of positive energy

@: lethally poisoned (-9 -> -10), berserk cooldown, slowed, studying Dodging,
very slow
A: beak, horns 1, agile 1, clever 1, demonic guardian 2, fire resistance 1,
sense surroundings 1, poison resistance, evolution 1, flame cloud immunity,
sturdy frame 2
a: Berserk, Trog's Hand, Brothers in Arms, Burn Spellbooks, Renounce Religion,
Evoke Flight


You were on level 2 of the Orcish Mines.
You worshipped Trog.
Trog was extremely pleased with you.
You were near starving.

You visited 3 branches of the dungeon, and saw 20 of its levels.
You also visited: Volcano.

You collected 2046 gold pieces.

Inventory:

Hand Weapons
 a - a +4 great sword of slicing (weapon)
 b - a +0 blowgun
 h - a +1 falchion of flaming
 m - a +2 antimagic triple sword
 R - a +3 falchion
Missiles
 l - 3 poisoned javelins (quivered)
 q - 62 poisoned needles
 y - 6 steel tomahawks
Armour
 o - a +1 cloak (worn)
 A - a +0 pair of gloves (worn)
 F - a +0 pair of boots (worn)
 K - the +7 chain mail of Hul Niekk (worn) {+Fly rElec rPois Int-2}
   (You found it on level 5 of the Lair of Beasts)

   It affects your intelligence (-2).
   It insulates you from electricity.
   It protects you from poison.
   It lets you fly.
Jewellery
 g - an amulet of regeneration (around neck)
 G - the ring "Veddax" (left hand) {Dex+2 SInv}
   (You found it on level 6 of the Dungeon)

   [ring of see invisible]

   It affects your dexterity (+2).
   It lets you see invisible.
 M - a ring of positive energy (right hand)
 U - a +3 ring of strength {unknown}
Wands
 j - a wand of iceblast (14)
 C - a wand of flame (50)
 E - a wand of polymorph (11)
 W - a wand of clouds (5)
 X - a wand of digging (25)
Scrolls
 e - 6 scrolls of magic mapping
 n - 10 scrolls of remove curse
 p - 5 scrolls of enchant armour
 r - 5 scrolls of enchant weapon
 t - 5 scrolls of teleportation
 z - 7 scrolls of blinking
 D - 2 scrolls of fear
 P - 4 scrolls of fog
 S - 3 scrolls of brand weapon
Potions
 d - 9 potions of curing
 f - 3 potions of flight {unknown}
 i - 3 potions of heal wounds
 k - 5 potions of magic {unknown}
 s - 5 potions of degeneration {unknown}
 v - a potion of might {unknown}
 B - a potion of cancellation {unknown}
 H - 3 potions of brilliance {unknown}
 I - 2 potions of ambrosia {unknown}
 J - 5 potions of resistance {unknown}
 L - 2 potions of mutation {unknown}
 N - a potion of berserk rage {unknown}
 T - a potion of haste {unknown}
 V - a potion of lignification {unknown}
 Y - 2 potions of invisibility {unknown}
Books
 w - a manual of Dodging
Comestibles
 c - 9 bread rations
 u - 10 fruits
 x - 11 royal jellies
 O - 8 meat rations
 Q - 4 chunks of flesh


   Skills:
 + Level 11.2 Fighting
 * Level 13.9 Long Blades
 + Level 10.2 Armour
 + Level 11.9 Dodging
 + Level 7.2 Evocations


You had 13 spell levels left.
You didn't know any spells.

Dungeon Overview and Level Annotations

Branches:
Dungeon (12/15)            Temple (0/1) D:7            Lair (6/6) D:10
  Swamp (0/4) Lair:2       Spider (0/4) Lair:2        Slime (0/5) Lair:6
    Orc (2/2) D:12
    Elf: Orc:2

Altars:
Ashenzari
Elyvilon
Gozag
Kikubaaqudgha
Makhleb
Nemelex Xobeh
Okawaru
Sif Muna
Trog
Xom
The Shining One

Shops:
D:6 (   D:8 :

Annotations:
Orc:2 Rupert, Saint Roka


Innate Abilities, Weirdness & Mutations

You have a pair of small horns on your head.
A demonic guardian rushes to your aid.
Your flesh is heat resistant. (rF+)
You are immune to clouds of flame.
Your movements are less encumbered by armour. (ER -4)
You have a beak for a mouth.
You are agile. (Dex +2)
Your mind is acute. (Int +2)
You passively map a small area around you.
Your system is resistant to poisons. (rPois)
You evolve.


Message History

The iron troll bites you but does no damage.
The iron troll claws you but does no damage.
The iron troll barely misses you. The ogre mage barely misses you.
You hear a shout! x2
A warg comes into view.
Okay, then.
Your iron troll goes berserk!
You feel quite a bit more hungry.
The orc priest no longer looks unusually strong.
The stone giant misses you. The ogre mage completely misses you.
The orc warrior hits you from afar with a glaive of venom.
* * * LOW HITPOINT WARNING * * *
The stone giant hits you but does no damage.
The iron troll bites you but does no damage.
The iron troll claws you!
* * * LOW HITPOINT WARNING * * *
The iron troll claws you but does no damage.
Saint Roka mumbles some strange prayers to Beogh against you.
Beogh smites you!
You die...

....##........... , ,
o................
....h..........#. , ,
....o............ , , , ,
.......o......... ,
......OOoo).......
.......OTOOo.......
........@CT.....$..
#.......O@T[....#.. *
*#..#........$.##
#..............# #..,
##...............#
#..*####.#................
...##.#..................#
.....$...#....##.........#
,
...<.....##...............
........##................
**


You could see Saint Roka, Rupert (berserk), an iron troll, a stone giant, 4
two-headed ogres, an ogre mage, a deep troll, a warg, 2 orc warriors, an ogre,
an orc priest, an orc wizard, an orc and a friendly iron troll (berserk).

Vanquished Creatures
  Azrael (Orc:2)
  A fire dragon (Lair:6)
  4 hydras
  Fannar (D:10)
  An ice dragon (Lair:6)
  A two-headed ogre (D:8)
  9 death yaks
  A fire crab (Volcano)
  An unseen horror (D:11)
  A swamp dragon (Lair:6)
  2 lindwurms
  An orc knight (Orc:2)
  2 ugly things
  2 elephants (Lair:6)
  Maurice (D:8)
  4 black mambas
  5 torpor snails (Lair:6)
  4 spiny frogs
  3 rime drakes
  7 komodo dragons
  2 trolls (Orc:2)
  A polar bear (Lair:4)
  2 tyrant leeches (Lair:6)
  4 hornets (Lair:6)
  5 blink frogs
  7 hippogriffs
  A wyvern (Lair:3)
  6 fire bats (Volcano)
  19 yaks
  6 steam dragons
  3 wargs
  2 acid dragons (Lair:6)
  10 water moccasins
  4 hell hounds
  10 porcupines
  6 orc warriors
  2 sky beasts
  An ice beast (D:11)
  2 black bears
  3 phantoms
  A hornet zombie (D:10)
  17 ogres
  4 centaurs
  13 crocodiles
  3 big kobolds
  15 bullfrogs
  7 scorpions
  5 killer bees (D:11)
  5 wights (D:7)
  7 howler monkeys
  5 electric eels (D:8)
  7 crimson imps
  A centaur zombie (D:5)
  6 orc priests
  3 bullfrog skeletons
  6 hounds
  2 centaur skeletons
  2 jellies (D:3)
  10 orc wizards
  3 iguanas
  8 worker ants
  A hound skeleton (D:4)
  8 adders
  4 shadow imps
  A white imp (D:5)
  10 oozes (D:3)
  An adder skeleton (D:8)
  A worm (D:4)
  3 dart slugs
  9 leopard geckos
  43 orcs
  2 bat zombies (D:7)
  5 giant cockroaches
  3 hobgoblins
  26 jackals
  5 quokkas
  11 bats
  4 frilled lizards
  A goblin (D:1)
  A jackal zombie (D:9)
  30 kobolds
  7 rats
  5 rat zombies (D:7)
  2 butterflies (D:4)
  A plant (Lair:6)
462 creatures vanquished.

Vanquished Creatures (collateral kills)
  The ghost of Oozefury the Formicid Cataclysm, a journeyman FoAr of Qazlal (Lair:5)
  2 hydras
  3 two-headed ogres (D:11)
  4 death yaks (Lair:5)
  2 lindwurms (Lair:6)
  An orc sorcerer (Orc:2)
  3 elephants (Lair:6)
  2 spiny frogs
  2 centaur skeletons (D:10)
  A tyrant leech (Lair:6)
  2 hornets (Lair:6)
  A hippogriff (Lair:1)
  5 blink frogs
  4 yaks (Lair:5)
  A wyvern (D:10)
  A basilisk (Lair:5)
  2 fire bats (Volcano)
  2 fire elementals (Orc:2)
  A hell hound (Orc:2)
  A porcupine (D:10)
  An ogre (Orc:2)
  4 crocodiles
  A wyvern zombie (D:9)
  A scorpion (D:9)
  A hound (D:9)
  An orc wizard (Orc:2)
  2 orcs
  3 jackals
55 creatures vanquished.

Vanquished Creatures (others)
  An orc wizard (Orc:2)
  10 fungi
  27 plants
  10 toadstools (D:3)
48 creatures vanquished.

Grand Total: 565 creatures vanquished

Notes
Turn   | Place    | Note
-------+----------+-------------------------------------------
     0 | D:1      | tof the Demonspawn Berserker began the quest for the Orb.
     0 | D:1      | Reached XP level 1. HP: 18/18 MP: 1/1
   156 | D:1      | Gained mutation: You have a pair of small horns on your head. [demonic ancestry]
   156 | D:1      | Reached XP level 2. HP: 11/24 MP: 2/2
   352 | D:1      | Reached skill level 3 in Long Blades
   992 | D:2      | Reached XP level 3. HP: 18/29 MP: 3/3
  1201 | D:2      | Reached ** piety under Trog
  1236 | D:2      | Noticed a scorpion
  1244 | D:2      | Killed a scorpion
  1244 | D:2      | Gained mutation: Your flesh is heat resistant. (rF+) [demonic ancestry]
  1244 | D:2      | Reached XP level 4. HP: 24/35 MP: 4/4
  1309 | D:2      | Found an iron altar of Okawaru.
  1638 | D:3      | Reached XP level 5. HP: 37/42 MP: 5/5
  1966 | D:3      | Reached skill level 4 in Long Blades
  2521 | D:3      | Found a glowing golden altar of the Shining One.
  2631 | D:3      | Reached *** piety under Trog
  2771 | D:4      | Gained mutation: You are immune to clouds of flame. [demonic ancestry]
  2771 | D:4      | Reached XP level 6. HP: 29/48 MP: 6/6
  3036 | D:4      | Found an opulent altar of Gozag.
  3164 | D:4      | Found a shattered altar of Ashenzari.
  3242 | D:4      | Found a deep blue altar of Sif Muna.
  3314 | D:4      | Found a shimmering altar of Xom.
  3674 | D:5      | Entered Level 5 of the Dungeon
  3749 | D:5      | Reached skill level 5 in Long Blades
  3843 | D:5      | Gained mutation: Your movements are slightly less encumbered by armour. (ER -2) [demonic ancestry]
  3843 | D:5      | Reached XP level 7. HP: 26/55 MP: 7/7
  4436 | D:5      | Found a burning altar of Makhleb.
  4527 | D:6      | Got a scorched brass ring
  4619 | D:6      | Found Muipt's Antique Weapon Shop.
  4634 | D:6      | Identified the ring "Veddax" {Dex+2 SInv} (You found it on level 6 of the Dungeon)
  4861 | D:6      | Reached skill level 5 in Fighting
  4870 | D:6      | Reached skill level 6 in Long Blades
  4870 | D:6      | Reached XP level 8. HP: 58/62 MP: 8/8
  5161 | D:7      | Noticed a hippogriff
  5171 | D:7      | Killed a hippogriff
  5224 | D:7      | Found a staircase to the Ecumenical Temple.
  5375 | D:7      | Reached **** piety under Trog
  5457 | D:7      | Found a white marble altar of Elyvilon.
  5586 | D:7      | Reached skill level 7 in Long Blades
  5601 | D:7      | Gained mutation: You evolve. [mutagenic meat]
  5602 | D:7      | Gained mutation: You do not regenerate when monsters are visible. [mutagenic meat]
  5603 | D:7      | Gained mutation: Your system is resistant to poisons. (rPois) [mutagenic meat]
  5604 | D:7      | Gained mutation: Your mind is acute. (Int +2) [mutagenic meat]
  5606 | D:7      | Gained mutation: You passively map a small area around you. [mutagenic meat]
  5710 | D:7      | Reached skill level 5 in Armour
  5710 | D:7      | Reached skill level 5 in Dodging
  5752 | D:7      | Reached XP level 9. HP: 59/69 MP: 9/9
  5989 | D:7      | Found a deep blue altar of Sif Muna.
  6110 | D:7      | Found an ancient bone altar of Kikubaaqudgha.
  6351 | D:8      | Noticed Maurice
  6377 | D:8      | Killed Maurice
  6429 | D:8      | Reached skill level 8 in Long Blades
  6677 | D:8      | Noticed a two-headed ogre
  6683 | D:8      | Killed a two-headed ogre
  6847 | D:8      | Gained mutation: A weak demonic guardian rushes to your aid. [demonic ancestry]
  6847 | D:8      | Reached XP level 10. HP: 70/79 MP: 10/10
  7159 | D:8      | Reached skill level 9 in Long Blades
  7328 | D:8      | Noticed a red ugly thing
  7340 | D:8      | Killed a red ugly thing
  7352 | D:8      | Gained mutation: You are agile. (Dex +2) [mutagenic meat]
  7353 | D:8      | Gained mutation: You are occasionally teleported next to monsters. [mutagenic meat]
  7354 | D:8      | Gained mutation: You have a beak for a mouth. [mutagenic meat]
  7402 | D:8      | Found a bloodstained altar of Trog.
  7466 | D:8      | Found Syoff's Book Shoppe.
  7739 | D:9      | Reached ***** piety under Trog
  7932 | D:9      | Found a sparkling altar of Nemelex Xobeh.
  8292 | D:10     | Entered Level 10 of the Dungeon
  8308 | D:10     | Found a staircase to the Lair.
  8308 | D:10     | Reached skill level 10 in Long Blades
  8320 | D:10     | Received a gift from Trog
  8418 | D:10     | Reached XP level 11. HP: 86/86 MP: 11/11
  8454 | D:10     | Noticed Fannar
  8689 | D:10     | Killed Fannar
  9182 | Lair:1   | Entered Level 1 of the Lair of Beasts
  9280 | Lair:1   | Noticed a five-headed hydra
  9403 | Lair:1   | Received a gift from Trog
  9528 | Lair:1   | Reached skill level 11 in Long Blades
  9797 | Lair:1   | Lost mutation: You do not regenerate when monsters are visible. [evolution]
  9937 | Lair:1   | Killed a one-headed hydra
 10154 | Lair:2   | Reached skill level 1 in Evocations
 10290 | Lair:2   | Found a staircase to the Swamp.
 10300 | Lair:2   | Found a hole to the Spider Nest.
 10381 | Lair:2   | Noticed a five-headed hydra
 10392 | Lair:2   | Killed a one-headed hydra
 11043 | Lair:3   | Noticed a seven-headed hydra
 11046 | Lair:3   | Noticed a five-headed hydra
 11053 | Lair:3   | Killed a two-headed hydra
 11053 | Lair:3   | Gained mutation: A demonic guardian rushes to your aid. [demonic ancestry]
 11053 | Lair:3   | Reached XP level 12. HP: 69/95 MP: 4/13
 11063 | Lair:3   | Killed a one-headed hydra
 12286 | Lair:4   | Gained mutation: You have a pair of horns on your head. [evolution]
 12341 | Lair:4   | Reached skill level 12 in Long Blades
 12464 | Lair:4   | Found a dark tunnel.
 12473 | Volcano  | Entered a volcano
 12565 | Volcano  | Got faintly glowing fire dragon scales
 12576 | Volcano  | Identified the +1 fire dragon scales of Uwerph {rElec rPois rF++ rC- Int+6} (You found it in a volcano)
 12758 | Lair:4   | Noticed a death yak
 12758 | Lair:4   | Noticed a death yak
 12759 | Lair:4   | Noticed a death yak
 12764 | Lair:4   | Killed a death yak
 12764 | Lair:4   | Received a gift from Trog
 12768 | Lair:4   | Killed a death yak
 12768 | Lair:4   | Reached skill level 10 in Fighting
 12771 | Lair:4   | Killed a death yak
 12792 | Lair:4   | Lost mutation: You are occasionally teleported next to monsters. [evolution]
 13029 | Lair:5   | Noticed Oozefury's ghost (journeyman FoAr)
 13035 | Lair:5   | Killed Oozefury's ghost
 13035 | Lair:5   | Reached skill level 10 in Dodging
 13178 | Lair:5   | Noticed a death yak
 13179 | Lair:5   | Noticed a death yak
 13180 | Lair:5   | Noticed a death yak
 13181 | Lair:5   | Noticed a death yak
 13181 | Lair:5   | Noticed a death yak
 13183 | Lair:5   | Killed a death yak
 13186 | Lair:5   | Killed a death yak
 13188 | Lair:5   | Killed a death yak
 13192 | Lair:5   | Killed a death yak
 13193 | Lair:5   | Killed a death yak
 13193 | Lair:5   | Reached XP level 13. HP: 94/103 MP: 5/16
 13352 | Lair:5   | Reached skill level 5 in Evocations
 13762 | Lair:5   | Got a polished chain mail
 13773 | Lair:5   | Identified the +7 chain mail of Hul Niekk {+Fly rElec rPois Int-2} (You found it on level 5 of the Lair of Beasts)
 14059 | Lair:6   | Entered Level 6 of the Lair of Beasts
 14059 | Lair:6   | Found a staircase to the Slime Pits.
 14400 | Lair:6   | Reached skill level 13 in Long Blades
 15404 | Lair:6   | Noticed a fire dragon
 15415 | Lair:6   | Killed a fire dragon
 15692 | Lair:6   | Paralysed by a hornet for 2 turns
 15783 | Lair:6   | Found a runed door.
 15874 | Lair:6   | Received a gift from Trog
 16381 | D:11     | Reached skill level 10 in Armour
 16656 | D:11     | Gained mutation: Your movements are less encumbered by armour. (ER -4) [demonic ancestry]
 16656 | D:11     | Reached XP level 14. HP: 111/113 MP: 19/19
 17084 | D:11     | Lost mutation: You have a pair of horns on your head. [evolution]
 17263 | D:12     | Found a staircase to the Orcish Mines.
 17852 | Orc:1    | Entered Level 1 of the Orcish Mines
 18042 | Orc:2    | Entered Level 2 of the Orcish Mines
 18053 | Orc:2    | Noticed Azrael
 18066 | Orc:2    | Killed Azrael
 18218 | Orc:2    | Noticed a stone giant
 18222 | Orc:2    | Noticed Rupert
 18223 | Orc:2    | Noticed Saint Roka
 18238 | Orc:2    | HP: 2/113 [iron troll (9)]
 18238 | Orc:2    | Killed from afar by Saint Roka

Vault maps used:
D:1:      roderic_crop_circles_arrival_small, kennysheep_decorative_pillar,
          serial_bayou_pond_d
D:2:      lemuel_doored_altar, st_stairs_12
D:3:      cheibrodos_fertilizer, nicolae_tso_swordbearing_angel
D:4:      grunt_gozag_breadcrumbs, ashenzari_conservatory_becter,
          xom_butterflies, led_sif_book
D:5:      marbit_many_paths, first_bread, minmay_fire_ice_demons
D:6:      serial_shops, shop, kennysheep_generic_room_7
D:7:      lemuel_crystal_altar, kennysheep_mini_moat,
          lemuel_zombie_altar_kikubaaqudgha, minmay_temple_entry_mist
D:8:      lemuel_coloured_pillars_altar, serial_shops, shop, grunt_ogre_cave,
          minivault_27, hangedman_decor_riveting, kennysheep_boxes, uniq_maurice
D:9:      nemelex_xobeh_ov_fountains_minmay, serial_glass, glass_columns_a,
          glass_columns_b, glass_columns_b, glass_columns_b, glass_columns_b,
          glass_columns_a, glass_columns_a, glass_columns_a, glass_columns_b,
          glass_columns_c
D:10:     minmay_lair_entry_grove, uniq_fannar
D:11:     palyth_stone_intersect
D:12:     david_orc_2
Lair:1:   grunt_megastairs_4
Lair:2:   swamp_mist_pool, dummy_spider_entry
Lair:4:   beast_lair_carwin_large_2, lightli_volcano_entry_magma_tube,
          lemuel_fruit_tree
Lair:6:   wormcave, guppyfry_lair_end_dragon, slime_dummy
Orc:2:    st_orc_open, basic_altar, serial_shops, shop, uniq_saint_roka,
          uniq_rupert, uniq_azrael
Volcano:  volcano_pools

Skill      XL: |  1  2  3  4  5  6  7  8  9 10 11 12 13 14 |
---------------+-------------------------------------------+-----
Long Blades    | 3 4 5 6 7 8 10 11 12 13 | 13.9
Armour         | 2 3 4 5 6 7 8 9 10 | 10.2
Dodging        | 2 3 4 5 6 7 8 10 11 | 11.9
Fighting       | 4 5 6 7 8 9 10 11 | 11.2
Evocations     | 2 4 6 7 |  7.2

Action                   |  1- 3 |  4- 6 |  7- 9 | 10-12 | 13-15 || total
-------------------------+-------+-------+-------+-------+-------++-------
Melee: Falchion          |    73 |   188 |   316 |   290 |    23 ||   890
       Headbutt          |    10 |    52 |    86 |   155 |   164 ||   467
       Peck              |       |       |       |   142 |   143 ||   285
       Triple sword      |       |       |       |   154 |   191 ||   345
       Great sword       |       |       |       |       |   189 ||   189
Throw: Tomahawk          |       |       |    12 |     1 |       ||    13
       Javelin           |       |       |     4 |       |       ||     4
Invok: Berserk           |       |     1 |     3 |     7 |     4 ||    15
       Trog's Hand       |       |       |     3 |     4 |     4 ||    11
       Burn Spellbooks   |       |       |       |     2 |     2 ||     4
       Brothers in Arms  |       |       |       |       |     2 ||     2
  Use: Scroll            |       |       |     6 |     6 |     5 ||    17
       Potion            |       |       |       |       |     2 ||     2
 Stab: Sleeping          |       |     2 |       |       |       ||     2
       Distracted        |       |       |       |     1 |     3 ||     4
  Eat: Chunk             |     1 |     4 |    17 |    23 |    21 ||    66
       Bread ration      |       |     1 |     1 |     2 |       ||     4
Armor: Animal skin       |    10 |       |       |       |       ||    10
       Leather armour    |    15 |    43 |     5 |       |       ||    63
       Chain mail        |       |       |    97 |       |   213 ||   310
       Ring mail         |       |       |    27 |   147 |       ||   174
       Fire dragon scale |       |       |       |    19 |    14 ||    33
Dodge: Dodged            |    90 |   159 |   183 |   421 |   462 ||  1315
       Rpst.: Falchion   |    26 |    50 |    41 |    62 |     6 ||   185
       Triple sword      |       |       |       |    43 |    54 ||    97
       Great sword       |       |       |       |       |    70 ||    70

Table legend:
 A = Spawn XP
 B = Non-spawn XP
 C = Spawn XP percentage of total XP
 D = Spawn monster count
 E = Non-spawn monster count
 F = Spawn count percentage of total count
 G = Total turns spent on level
                    A         B        C        D         E        F      G
               +---------+---------+-------+---------+---------+-------+---------
         Total |       0 |   72959 |   0.0 |       0 |     514 |   0.0 | 18238
               +---------+---------+-------+---------+---------+-------+---------
           D:1 |       0 |      30 |   0.0 |       0 |      17 |   0.0 |   980
           D:2 |       0 |     156 |   0.0 |       0 |      26 |   0.0 |   619
           D:3 |       0 |     193 |   0.0 |       0 |      38 |   0.0 |  1108
           D:4 |       0 |     241 |   0.0 |       0 |      12 |   0.0 |   969
           D:5 |       0 |     301 |   0.0 |       0 |      16 |   0.0 |   848
           D:6 |       0 |     631 |   0.0 |       0 |      10 |   0.0 |   632
           D:7 |       0 |    1519 |   0.0 |       0 |      37 |   0.0 |  1195
           D:8 |       0 |    3415 |   0.0 |       0 |      32 |   0.0 |  1245
           D:9 |       0 |    2257 |   0.0 |       0 |      34 |   0.0 |   931
          D:10 |       0 |    5201 |   0.0 |       0 |      38 |   0.0 |   675
          D:11 |       0 |    4570 |   0.0 |       0 |      33 |   0.0 |   850
          D:12 |       0 |     802 |   0.0 |       0 |      30 |   0.0 |   647
        Lair:1 |       0 |    3798 |   0.0 |       0 |      15 |   0.0 |   965
        Lair:2 |       0 |    3287 |   0.0 |       0 |      10 |   0.0 |   718
        Lair:3 |       0 |    3650 |   0.0 |       0 |       8 |   0.0 |  1114
        Lair:4 |       0 |    5775 |   0.0 |       0 |      21 |   0.0 |   925
        Lair:5 |       0 |    7173 |   0.0 |       0 |      22 |   0.0 |  1040
        Lair:6 |       0 |   21136 |   0.0 |       0 |      60 |   0.0 |  2182
         Orc:1 |       0 |     866 |   0.0 |       0 |      12 |   0.0 |   253
         Orc:2 |       0 |    4976 |   0.0 |       0 |      31 |   0.0 |   133
       Volcano |       0 |    2982 |   0.0 |       0 |      12 |   0.0 |   209
               +---------+---------+-------+---------+---------+-------+---------
